[ AOE2 MATCH · #473478337 ]
UnrankedHindustanis vs Chinese
Rival team · WIN
[ REPLAY ANALYSIS · EXTRACTED FROM THE RECORDED GAME ]
Feudal
8:51
Castle
20:55
Imperial
—
| APM avg | 60.4 |
| APM peak | 97 |
| eAPM avg | 27.7 |
| Villagers / military | 102 / 81 |
Focus
⚔️ 34.8% · 🌾 65.2%
Camel Scout ×33 · Skirmisher ×28 · Mangonel ×7 · Spearman ×6 · Scout Cavalry ×4 · Monk ×3
Feudal
8:57
Castle
20:49
Imperial
37:09
| APM avg | 76.7 |
| APM peak | 107 |
| eAPM avg | 31.1 |
| Villagers / military | 117 / 80 |
Focus
⚔️ 48.5% · 🌾 51.5%
Archer ×43 · Fire Lancer ×23 · Spearman ×5 · Monk ×3 · Scout Cavalry ×3 · Iron Pagoda ×2
Match map
Initial resources + every placement click. Lines = walls · curves = elevation contours. ◆ gold · ⬟ stone · ● berries · ✦ relic · ◌ wall gap
Inputs per minute
— EJDER - - 德裕仁辅
Build order — EJDER
First 150 of 322 actions detected
| 0:01 | Create | Villager (Male) |
| 0:02 | Build | House |
| 0:02 | Build | House |
| 0:06 | Create | Villager (Male) |
| 0:06 | Create | Villager (Male) |
| 0:09 | Create | Villager (Male) |
| 1:04 | Create | Villager (Male) |
| 1:04 | Create | Villager (Male) |
| 1:41 | Create | Villager (Male) |
| 1:41 | Create | Villager (Male) |
| 1:49 | Build | Lumber Camp |
| 2:01 | Create | Villager (Male) |
| 2:01 | Create | Villager (Male) |
| 2:26 | Create | Villager (Male) |
| 2:55 | Build | House |
| 3:01 | Create | Villager (Male) |
| 3:40 | Create | Villager (Male) |
| 3:40 | Create | Villager (Male) |
| 3:41 | Create | Villager (Male) |
| 4:23 | Create | Villager (Male) |
| 4:35 | Build | Mill |
| 4:56 | Create | Villager (Male) |
| 5:22 | Create | Villager (Male) |
| 5:40 | Research | Loom |
| 6:12 | Create | Villager (Male) |
| 6:36 | Research | Feudal Age |
| 6:59 | Build | Lumber Camp |
| 7:31 | Build | House |
| 7:53 | Build | Barracks |
| 8:51 | Age | Feudal Age |
| 8:51 | Create | Villager (Male) |
| 8:54 | Build | Stable |
| 8:57 | Create | Spearman |
| 9:16 | Create | Villager (Male) |
| 9:20 | Research | Double-Bit Axe |
| 9:20 | Research | Double-Bit Axe |
| 9:23 | Research | Horse Collar |
| 9:35 | Create | Scout Cavalry |
| 9:45 | Create | Spearman |
| 9:48 | Create | Villager (Male) |
| 10:01 | Create | Villager (Male) |
| 10:12 | Build | House |
| 10:44 | Create | Villager (Male) |
| 10:46 | Create | Scout Cavalry |
| 10:51 | Create | Scout Cavalry |
| 11:16 | Build | Mill |
| 11:18 | Create | Villager (Male) |
| 11:36 | Build | House |
| 11:39 | Build | Palisade Wall |
| 11:41 | Create | Villager (Male) |
| 11:43 | Build | House |
| 11:45 | Build | House |
| 11:48 | Research | Town Watch |
| 11:48 | Research | Town Watch |
| 12:04 | Create | Spearman |
| 12:10 | Build | Farm |
| 12:11 | Build | Farm |
| 12:12 | Build | Farm |
| 12:13 | Build | Farm |
| 12:15 | Build | Farm |
| 12:18 | Build | Farm |
| 12:30 | Create | Villager (Male) |
| 12:53 | Build | Farm |
| 12:55 | Build | Farm |
| 13:01 | Create | Villager (Male) |
| 13:05 | Build | Farm |
| 13:23 | Create | Villager (Male) |
| 13:25 | Build | Farm |
| 13:26 | Build | Farm |
| 13:27 | Create | Spearman |
| 13:36 | Build | Palisade Wall |
| 13:43 | Create | Spearman |
| 13:49 | Create | Villager (Male) |
| 13:50 | Create | Scout Cavalry |
| 13:59 | Build | Farm |
| 14:13 | Create | Villager (Male) |
| 14:25 | Create | Villager (Male) |
| 14:44 | Create | Villager (Male) |
| 15:03 | Build | Blacksmith |
| 15:05 | Build | Palisade Wall |
| 15:09 | Create | Villager (Male) |
| 15:18 | Build | Palisade Wall |
| 15:26 | Build | House |
| 15:28 | Build | Palisade Wall |
| 15:37 | Create | Villager (Male) |
| 15:49 | Create | Villager (Male) |
| 15:58 | Create | Villager (Male) |
| 16:22 | Create | Villager (Male) |
| 16:34 | Build | Mining Camp |
| 16:54 | Create | Villager (Male) |
| 16:57 | Build | Market |
| 17:18 | Build | House |
| 17:32 | Build | House |
| 17:35 | Build | Palisade Gate |
| 18:08 | Build | Farm |
| 18:09 | Create | Villager (Male) |
| 18:15 | Research | Castle Age |
| 18:21 | Create | Spearman |
| 18:25 | Build | Palisade Wall |
| 18:31 | Build | Palisade Wall |
| 18:50 | Build | Farm |
| 18:51 | Build | Farm |
| 19:36 | Research | Forging |
| 19:36 | Research | Forging |
| 19:43 | Build | Palisade Wall |
| 19:53 | Build | Stable |
| 20:30 | Research | Bloodlines |
| 20:37 | Build | Farm |
| 20:55 | Age | Castle Age |
| 20:57 | Create | Villager (Male) |
| 20:58 | Create | Camel Scout |
| 20:58 | Create | Camel Scout |
| 21:00 | Research | Scale Barding Armor |
| 21:31 | Create | Villager (Male) |
| 21:34 | Create | Camel Scout |
| 21:35 | Create | Villager (Male) |
| 21:38 | Build | Farm |
| 21:50 | Research | Husbandry |
| 21:51 | Research | Chain Barding Armor |
| 21:55 | Create | Camel Scout |
| 22:10 | Create | Camel Scout |
| 22:10 | Create | Camel Scout |
| 22:27 | Create | Camel Scout |
| 22:28 | Build | Monastery |
| 22:31 | Create | Villager (Male) |
| 22:37 | Build | Palisade Wall |
| 22:41 | Create | Villager (Male) |
| 22:53 | Create | Camel Scout |
| 23:02 | Create | Villager (Male) |
| 23:08 | Create | Monk |
| 23:09 | Create | Camel Scout |
| 23:09 | Create | Camel Scout |
| 23:26 | Create | Villager (Male) |
| 23:31 | Build | House |
| 23:43 | Create | Camel Scout |
| 23:43 | Create | Camel Scout |
| 23:46 | Build | House |
| 23:54 | Build | House |
| 24:06 | Create | Monk |
| 24:07 | Create | Villager (Male) |
| 24:32 | Create | Camel Scout |
| 24:33 | Create | Camel Scout |
| 24:33 | Create | Villager (Male) |
| 24:37 | Create | Camel Scout |
| 24:45 | Create | Camel Scout |
| 24:45 | Create | Camel Scout |
| 24:50 | Build | Farm |
| 24:58 | Build | Town Center |
| 25:07 | Create | Camel Scout |
| 25:08 | Create | Villager (Male) |
Build order — 德裕仁辅
First 150 of 344 actions detected
| 0:02 | Research | Loom |
| 0:02 | Research | Loom |
| 0:51 | Create | Villager (Male) |
| 1:16 | Create | Villager (Male) |
| 1:16 | Create | Villager (Male) |
| 1:42 | Create | Villager (Male) |
| 2:07 | Create | Villager (Male) |
| 2:27 | Create | Villager (Male) |
| 2:27 | Create | Villager (Male) |
| 2:35 | Build | Lumber Camp |
| 2:53 | Create | Villager (Male) |
| 3:10 | Build | House |
| 3:10 | Build | Palisade Wall |
| 3:16 | Build | Palisade Gate |
| 3:27 | Create | Villager (Male) |
| 3:27 | Create | Villager (Male) |
| 3:27 | Create | Villager (Male) |
| 4:04 | Create | Villager (Male) |
| 4:15 | Create | Villager (Male) |
| 4:35 | Create | Villager (Male) |
| 4:53 | Build | House |
| 5:24 | Create | Villager (Male) |
| 5:26 | Create | Villager (Male) |
| 5:26 | Create | Villager (Male) |
| 5:52 | Build | Mill |
| 6:45 | Research | Feudal Age |
| 7:00 | Build | Palisade Wall |
| 7:14 | Build | House |
| 7:55 | Build | Palisade Wall |
| 7:57 | Build | Barracks |
| 8:26 | Build | Palisade Wall |
| 8:36 | Create | Villager (Male) |
| 8:42 | Build | Palisade Wall |
| 8:51 | Build | Palisade Wall |
| 8:54 | Create | Villager (Male) |
| 8:57 | Age | Feudal Age |
| 9:07 | Build | Stable |
| 9:10 | Create | Villager (Male) |
| 9:19 | Build | Palisade Wall |
| 9:31 | Build | Palisade Wall |
| 9:33 | Research | Double-Bit Axe |
| 9:37 | Build | House |
| 9:47 | Build | Palisade Wall |
| 9:51 | Create | Spearman |
| 9:54 | Research | Horse Collar |
| 9:57 | Create | Scout Cavalry |
| 9:57 | Create | Scout Cavalry |
| 10:11 | Create | Villager (Male) |
| 10:24 | Create | Villager (Male) |
| 10:28 | Build | Mill |
| 10:32 | Build | Palisade Wall |
| 10:42 | Create | Spearman |
| 11:19 | Build | Farm |
| 11:20 | Build | Farm |
| 11:24 | Build | Palisade Wall |
| 11:30 | Create | Villager (Male) |
| 11:38 | Build | Farm |
| 12:01 | Create | Villager (Male) |
| 12:04 | Build | Farm |
| 12:10 | Build | Mining Camp |
| 12:19 | Build | Farm |
| 12:38 | Create | Villager (Male) |
| 12:39 | Create | Villager (Male) |
| 12:39 | Create | Villager (Male) |
| 12:40 | Build | Farm |
| 12:41 | Build | Farm |
| 12:48 | Create | Spearman |
| 13:01 | Create | Spearman |
| 13:06 | Build | Farm |
| 13:19 | Create | Spearman |
| 13:27 | Create | Villager (Male) |
| 13:37 | Build | House |
| 13:38 | Build | Farm |
| 13:48 | Build | House |
| 14:03 | Build | Farm |
| 14:05 | Build | Farm |
| 14:27 | Build | Farm |
| 14:38 | Create | Villager (Male) |
| 14:39 | Create | Scout Cavalry |
| 14:51 | Create | Villager (Male) |
| 14:53 | Build | House |
| 15:06 | Build | House |
| 15:08 | Build | Palisade Wall |
| 15:09 | Build | Palisade Wall |
| 15:11 | Create | Villager (Male) |
| 15:12 | Build | Farm |
| 15:45 | Create | Villager (Male) |
| 15:54 | Create | Villager (Male) |
| 16:12 | Create | Villager (Male) |
| 16:15 | Build | Palisade Wall |
| 16:20 | Create | Villager (Male) |
| 16:40 | Create | Villager (Male) |
| 16:56 | Create | Villager (Male) |
| 16:58 | Build | Blacksmith |
| 17:01 | Build | Farm |
| 17:05 | Build | Archery Range |
| 17:16 | Create | Villager (Male) |
| 17:19 | Build | Palisade Wall |
| 17:37 | Build | Farm |
| 18:09 | Research | Castle Age |
| 18:09 | Research | Castle Age |
| 18:18 | Create | Archer |
| 18:24 | Build | Archery Range |
| 18:43 | Research | Fletching |
| 18:49 | Build | House |
| 18:50 | Build | Palisade Wall |
| 19:01 | Create | Archer |
| 19:12 | Research | Gold Mining |
| 19:28 | Create | Archer |
| 19:28 | Create | Archer |
| 19:32 | Build | Building 800 |
| 19:46 | Create | Archer |
| 19:48 | Build | House |
| 19:49 | Build | Palisade Wall |
| 20:05 | Create | Archer |
| 20:29 | Create | Archer |
| 20:29 | Create | Archer |
| 20:49 | Age | Castle Age |
| 20:53 | Research | Bodkin Arrow |
| 20:53 | Research | Bodkin Arrow |
| 20:53 | Research | Crossbowman (upgrade) |
| 20:53 | Research | Crossbowman (upgrade) |
| 20:54 | Create | Villager (Male) |
| 20:55 | Create | Villager (Male) |
| 21:09 | Create | Fire Lancer |
| 21:10 | Create | Fire Lancer |
| 21:22 | Create | Villager (Male) |
| 21:37 | Create | Villager (Male) |
| 21:51 | Build | Town Center |
| 21:52 | Create | Villager (Male) |
| 21:52 | Create | Villager (Male) |
| 21:53 | Create | Villager (Male) |
| 22:03 | Create | Archer |
| 22:03 | Create | Archer |
| 22:14 | Research | Padded Archer Armor |
| 22:14 | Research | Padded Archer Armor |
| 22:29 | Create | Archer |
| 22:29 | Create | Archer |
| 22:31 | Create | Villager (Male) |
| 22:32 | Create | Villager (Male) |
| 22:42 | Build | House |
| 22:47 | Build | House |
| 22:52 | Create | Knight |
| 23:01 | Create | Villager (Male) |
| 23:02 | Create | Villager (Male) |
| 23:03 | Create | Villager (Male) |
| 23:11 | Create | Archer |
| 23:11 | Create | Archer |
| 23:24 | Create | Archer |
| 23:24 | Create | Archer |
Match timeline
| 3:10 | 德裕仁辅 · wall_segment Palisade Wall x1 |
| 7:00 | 德裕仁辅 · wall_segment Palisade Wall x3 |
| 7:53 | EJDER · first_building Barracks |
| 7:55 | 德裕仁辅 · wall_segment Palisade Wall x3 |
| 7:57 | 德裕仁辅 · first_building Barracks |
| 8:26 | 德裕仁辅 · wall_segment Palisade Wall x3 |
| 8:42 | 德裕仁辅 · wall_segment Palisade Wall x3 |
| 8:51 | EJDER · age_up feudal |
| 8:51 | 德裕仁辅 · wall_segment Palisade Wall x3 |
| 8:54 | EJDER · first_building Stable |
| 8:57 | 德裕仁辅 · age_up feudal |
| 9:07 | 德裕仁辅 · first_building Stable |
| 9:19 | 德裕仁辅 · wall_segment Palisade Wall x2 |
| 9:31 | 德裕仁辅 · wall_segment Palisade Wall x3 |
| 9:47 | 德裕仁辅 · wall_segment Palisade Wall x5 |
| 10:32 | 德裕仁辅 · wall_segment Palisade Wall x6 |
| 11:24 | 德裕仁辅 · wall_segment Palisade Wall x2 |
| 11:39 | EJDER · wall_segment Palisade Wall x1 |
| 13:36 | EJDER · wall_segment Palisade Wall x11 |
| 15:05 | EJDER · wall_segment Palisade Wall x5 |
| 15:08 | 德裕仁辅 · wall_segment Palisade Wall x1 |
| 15:09 | 德裕仁辅 · wall_segment Palisade Wall x2 |
| 15:18 | EJDER · wall_segment Palisade Wall x11 |
| 15:28 | EJDER · wall_segment Palisade Wall x3 |
| 16:15 | 德裕仁辅 · wall_segment Palisade Wall x1 |
| 17:05 | 德裕仁辅 · first_building Archery Range |
| 17:19 | 德裕仁辅 · wall_segment Palisade Wall x4 |
| 18:13 | EJDER · first_market_sell 100 food |
| 18:25 | EJDER · wall_segment Palisade Wall x3 |
| 18:31 | EJDER · wall_segment Palisade Wall x8 |
| 18:50 | 德裕仁辅 · wall_segment Palisade Wall x3 |
| 19:43 | EJDER · wall_segment Palisade Wall x1 |
| 19:49 | 德裕仁辅 · wall_segment Palisade Wall x6 |
| 20:49 | 德裕仁辅 · age_up castle |
| 20:55 | EJDER · age_up castle |
| 22:28 | EJDER · first_building Monastery |
| 22:37 | EJDER · wall_segment Palisade Wall x1 |
| 26:56 | 德裕仁辅 · first_building Monastery |
| 27:26 | EJDER · first_market_buy 100 wood |
| 27:29 | EJDER · first_building Siege Workshop |
| 31:32 | 德裕仁辅 · first_building Siege Workshop |
| 33:18 | EJDER · first_building Archery Range |
| 34:58 | 德裕仁辅 · first_building Castle |
| 36:35 | EJDER · wall_segment Palisade Wall x1 |
| 37:09 | 德裕仁辅 · age_up imperial |
| 37:13 | EJDER · resign |
[ AI ANALYSIS · 1 CREDIT ]
What really happened in this match?
Wolo.gg analyzes every decision: build order, eco, micro, common mistakes by bracket. Personalized analysis on WhatsApp or Discord in 30 seconds.
Civ guide
Hindustanis
Perfil
Jugador #3256450